 Dungeon Crawl Stone Soup version 0.29.1-15-g9cfb28693d (webtiles) character file.

Game seed: 15013048103677102843

130 Descartes the Firebug (level 5, -1/31 HPs)
             Began as an Octopode Fire Elementalist on Apr 8, 2023.
             Slain by an orc priest
             ... wielding a +0 dagger
              (2 damage)
             ... on level 3 of the Dungeon.
             The game lasted 00:06:08 (2612 turns).

Descartes the Firebug (Octopode Fire Elementalist)  Turns: 2612, Time: 00:06:09

Health: -1/31      AC:  1    Str:  9    XL:     5   Next: 13%
Magic:  3/9        EV: 13    Int: 23    God:
Gold:   173        SH:  0    Dex: 13    Spells: 9/10 levels left

rFire   . . .      SeeInvis .   c - +1 dagger (flame)
rCold   . . .      Faith    .   (no shield)
rNeg    + + +      Spirit   .   (helmet restricted)
rPois   +          Reflect  .   (no amulet)
rElec   .          Harm     .   p - ring "Malaiqen" {rPois rN+++ Will- Int+6}
rCorr   .          Rampage  .   (no ring)
Will    .....                   (no ring)
Stlth   +++.......              (no ring)
HPRegen 0.10/turn               (no ring)
MPRegen 0.11/turn               (no ring)
                                (no ring)
                                (no ring)

@: no status effects
A: almost no armour, amphibious, 8 rings, camouflage 1, gelatinous body 1,
(nimble swimmer 1), tentacles
a: no special abilities


You were on level 3 of the Dungeon.
You visited 1 branch of the dungeon, and saw 3 of its levels.

You collected 173 gold pieces.

Inventory:

Hand Weapons
 b - a +0 dagger of protection
 c - a +1 dagger of flaming (weapon)
 j - a +3 dagger
 t - a +1 whip of electrocution
Missiles
 g - 4 poisoned darts
Armour
 h - a +0 kite shield
Magical Staves
 r - a staff of cold
Jewellery
 p - the ring "Malaiqen" (left tentacle) {rPois rN+++ Will- Int+6}
   (You found it on level 2 of the Dungeon)

   [ring of poison resistance]

   Int:       It affects your intelligence (+6).
   rPois:     It protects you from poison.
   rN:        It renders you almost immune to negative energy.
   Will:      It decreases your willpower.
Scrolls
 i - 5 scrolls of identify {unknown}
 k - 2 scrolls of amnesia {unknown}
 s - 2 scrolls of teleportation {unknown}
Potions
 a - a potion of magic
 d - a potion of attraction {unknown}
 e - 2 potions of flight {unknown}
 f - 5 potions of curing
 l - 3 potions of lignification {unknown}
 m - a potion of might {unknown}
 n - 2 potions of brilliance {unknown}
 o - a potion of degeneration {unknown}
 q - a potion of resistance {unknown}


   Skills:
 - Level 2.0 Dodging
 - Level 2.6 Stealth
 + Level 3.2 Spellcasting
 + Level 2.7 Conjurations
 + Level 4.0 Fire Magic


You had 9 spell levels left.
You knew the following spells:

 Your Spells              Type           Power      Damage    Failure   Level
a - Foxfire               Conj/Fire      76%        2x1d7     2%          1

Your spell library contained the following spells:

 Spells                   Type           Power      Damage    Failure   Level
 Scorch                   Fire           44%        2d7       3%          2
 Conjure Flame            Conj/Fire      19%        6-21      9%          3
 Inner Flame              Hex/Fire       13%        N/A       14%         3
 Flame Wave               Conj/Fire      19%        2d7       28%         4


Dungeon Overview and Level Annotations

Branches:
Dungeon (3/15)

Altars:


Innate Abilities, Weirdness & Mutations

You cannot wear most types of armour.
You are amphibious.
You can wear up to eight rings at the same time.
Your skin changes colour to match your surroundings (Stealth+).
Your rubbery body absorbs attacks. (AC +1, EV +1)
((You are camouflaged when in or above water. (Stealth+)))
You have tentacles for arms and can constrict up to eight enemies at once.


Message History

The orc priest hits you with a +0 dagger.
Casting: Foxfire (safe; 2% risk of failure)
Confirm with . or Enter, or press ? or * to list all spells.
You conjure some foxfire!
The orc priest hits you with a +0 dagger.
Unknown command.
The foxfire hits the orc priest.
The orc priest is heavily wounded.
The foxfire hits the orc priest.
The orc priest is severely wounded.
The orc priest hits you with a +0 dagger.
Casting: Foxfire (safe; 2% risk of failure)
Confirm with . or Enter, or press ? or * to list all spells.
You conjure some foxfire!
The orc priest hits you with a +0 dagger.
Unknown command.
The foxfire hits the orc.
The orc is almost dead.
The foxfire hits the orc priest.
The orc priest is severely wounded.
The orc hits you with a +0 dagger.
The orc priest invokes the aid of Beogh against you.
You are unaffected.
Casting: Foxfire (safe; 2% risk of failure)
Confirm with . or Enter, or press ? or * to list all spells.
You conjure some foxfire!
The orc closely misses you.
The orc priest hits you with a +0 dagger.
* * * LOW HITPOINT WARNING * * *
The foxfire hits the orc.
You kill the orc!
The foxfire hits the orc priest.
The orc priest is almost dead.
The orc priest hits you with a +0 dagger.
* * * LOW HITPOINT WARNING * * *
Casting: Foxfire (safe; 2% risk of failure)
Confirm with . or Enter, or press ? or * to list all spells.
You conjure some foxfire!
An orc comes into view.
It is wielding a +0 short sword of draining.
The orc priest hits you with a +0 dagger.
You die...

#.#..#.#. ..
####.#..#.....
#....#..#....#. .
##..#####.........
#.......##.#.. ..#
####.#####...... ...
#....#8.8#....# ..
#.8###...###8v#.###.#
#..'..._...'.@o.....#
#.8###...###8v#(#####
#....#8.8#..).#.#
##...#####.#### #
##.... ... ......o
#######


You could see an orc priest (ally target) and an orc.

Vanquished Creatures
  Natasha (twice) (D:3)
  2 adders (D:2)
  A worm (D:2)
  2 dart slugs
  5 orcs (D:3)
  6 ball pythons
  7 endoplasms
  A giant cockroach (D:2)
  3 goblins
  2 hobgoblins (D:2)
  7 kobolds
  7 bats
  A frilled lizard (D:1)
  5 rats
51 creatures vanquished.

Vanquished Creatures (others)
  172 foxfires
172 creatures vanquished.

Grand Total: 223 creatures vanquished

Notes
Turn   | Place    | Note
-------+----------+-------------------------------------------
     0 | D:1      | Descartes the Octopode Fire Elementalist began the quest
                  | for the Orb.
     0 | D:1      | Reached XP level 1. HP: 11/11 MP: 3/3
   385 | D:1      | Reached XP level 2. HP: 17/17 MP: 0/5
  1213 | D:1      | Reached XP level 3. HP: 21/21 MP: 3/6
  1719 | D:2      | Identified the ring "Malaiqen" {rPois rN+++ Will- Int+6}
  2003 | D:2      | Reached XP level 4. HP: 26/27 MP: 0/8
  2389 | D:3      | Noticed Natasha
  2400 | D:3      | Killed Natasha
  2449 | D:3      | Noticed Natasha
  2453 | D:3      | Killed Natasha
  2454 | D:3      | Reached skill level 4 in Fire Magic
  2454 | D:3      | Reached XP level 5. HP: 31/31 MP: 3/9
  2586 | D:3      | Found a faded altar of an unknown god.
  2611 | D:3      | HP: 1/31 [orc priest/+0 dagger (5)]
  2612 | D:3      | Slain by an orc priest

Illustrated notes

Levels and vault maps discovered:
D:1:      tarquinn_simple_flora_water_f, layout_basic, item_on_display_a
D:2:      layout_rooms, kennysheep_generic_room_2
D:3:      layout_basic, dreamdust_ecumenical_altar_angels_and_demons,
          grunt_ministairs_9, uniq_natasha, uniq_ijyb

Skill      XL: |  1  2  3  4 |
---------------+-------------+-----
Conjurations   | 2 |  2.7
Spellcasting   | 3 |  3.2
Fire Magic     | 4 |  4.0
Dodging        | |  2.0
Stealth        | |  2.6

Action                   |  1- 3 |  4- 6 || total
-------------------------+-------+-------++-------
Melee: Unarmed           |     4 |       ||     4
       Dagger            |     1 |       ||     1
       Constrict         |     1 |       ||     1
 Cast: Foxfire           |    69 |    33 ||   102
Armor: Skin              |     1 |       ||     1
Dodge: Dodged            |    13 |     7 ||    20
